 Dungeon Crawl Stone Soup version 0.22.1-2-g9c5b331383 (webtiles) character file.

3841 Cykl0x the Cleaver (level 10, -6/63 HPs)
             Began as a Gargoyle Fighter on Nov 23, 2018.
             Was a Priest of Okawaru.
             Mangled by an orc warrior
             ... wielding a +0 trident
              (15 damage)
             ... on level 9 of the Dungeon.
             The game lasted 00:20:41 (6308 turns).

Cykl0x the Cleaver (Gargoyle Fighter)               Turns: 6308, Time: 00:20:41

Health: -6/63      AC: 23    Str: 21    XL:     10   Next: 18%
Magic:  10/10      EV:  9    Int: 12    God:    Okawaru [***...]
Gold:   554        SH: 12    Dex: 11    Spells: 9/9 levels left

rFire    x . .     SeeInvis .   a - +2 war axe
rCold    + + .     Gourm    .   c - +1 shield
rNeg     + . .     Faith    .   q - +0 ice dragon scales
rPois    ∞         Spirit   .   (no helmet)
rElec    +         Reflect  .   z - +0 cloak
rCorr    .         Harm     +   (no gloves)
MR       .....                  I - +2 pair of boots
Stlth    ..........             B - amulet of harm
HPRegen  0.20/turn              l - +3 ring of intelligence
MPRegen  0.12/turn              (no ring)

@: no status effects
A: negative energy resistance 1, electricity resistance, unbreathing,
petrification resistance, rot immunity, AC +7
a: Heroism, Renounce Religion


You were on level 9 of the Dungeon.
You worshipped Okawaru.
Okawaru was most pleased with you.
You were hungry.

You visited 1 branch of the dungeon, and saw 9 of its levels.
You also visited: Sewer.

You collected 554 gold pieces.

Inventory:

Hand Weapons
 a - a +2 war axe (weapon)
Missiles
 p - 227 stones (quivered)
Armour
 c - a +1 shield (worn)
 q - +0 ice dragon scales (worn)
 z - a +0 cloak (worn)
 I - a +2 pair of boots (worn)
Jewellery
 l - a +3 ring of intelligence (left hand)
 w - an uncursed ring of fire
 B - an amulet of harm (around neck)
Wands
 m - a wand of digging (26)
 y - a wand of flame (37)
 A - a wand of enslavement (9)
 D - a wand of disintegration (14)
 J - a wand of paralysis (11)
Scrolls
 b - a scroll of magic mapping
 g - a scroll of fear
 h - 2 scrolls of remove curse
 s - 2 scrolls of fog
 t - 5 scrolls of teleportation
 F - 2 scrolls of amnesia
 G - a scroll of blinking
Potions
 d - 6 potions of might
 e - a potion of heal wounds
 i - 4 potions of curing
 j - a potion of berserk rage {unknown}
 k - 4 potions of agility {unknown}
 n - 2 potions of degeneration {unknown}
 o - 3 potions of brilliance {unknown}
 r - a potion of lignification {unknown}
 u - a potion of mutation {unknown}
 v - 2 potions of flight {unknown}
 x - a potion of haste {unknown}
 H - a potion of magic {unknown}
Comestibles
 f - 10 rations


   Skills:
 + Level 7.0 Fighting
 + Level 9.2 Axes
 + Level 0.1 Throwing
 + Level 6.0 Armour
 + Level 2.3 Dodging
 + Level 2.5 Stealth
 + Level 7.5 Shields
 + Level 0.7 Evocations


You had 9 spell levels left.
You didn't know any spells.
Your spell library contained the following spells:

 Spells                   Type           Power        Failure   Level  Hunger
 Animate Skeleton         Necr           N/A          95%         1    ##.....
 Apportation              Tloc           #.....       95%         1    ##.....
 Confusing Touch          Hex            #.....       95%         1    ##.....
 Corona                   Hex            #......      95%         1    ##.....
 Pain                     Necr           #...         95%         1    ##.....
 Summon Small Mammal      Summ           #...         95%         1    ##.....
 Ensorcelled Hibernation  Hex/Ice        #.....       99%         2    ###....
 Confuse                  Hex            #.......     100%        3    ####...
 Dazzling Spray           Conj/Hex       #.....       100%        3    ####...
 Gell's Gravitas          Tloc           #.........   100%        3    ####...
 Regeneration             Chrm/Necr      #.........   100%        3    ####...
 Tukima's Dance           Hex            #.......     100%        3    ####...
 Vampiric Draining        Necr           #.........   100%        3    ####...
 Animate Dead             Necr           N/A          100%        4    #####..
 Petrify                  Tmut/Erth      #.......     100%        4    #####..
 Metabolic Englaciation   Hex/Ice        #.........   100%        5    ######.
 Yara's Violent Unravell  Hex/Tmut       #.........   100%        5    ######.


Dungeon Overview and Level Annotations

Branches:
Dungeon (9/15)             Temple (0/1) D:6
   Lair: D:8-11         Orc: D:9-12

Altars:
Cheibriados
Makhleb
Nemelex Xobeh
Okawaru
Ru
Sif Muna
Trog
Uskayaw
Vehumet
Zin

Shops:
D:8 *


Innate Abilities, Weirdness & Mutations

You are resistant to torment.
Your stone body is resilient. (AC +7)
You are immune to poison.
You resist negative energy. (rN+)
You are resistant to electric shocks. (rElec)
You can survive without breathing.
You are immune to petrification.
You are immune to rotting.


Message History

The orc wizard gestures wildly while chanting.
The orc wizard blinks!
The orc warrior closely misses you. You block the orc priest's attack.
You barely miss the orc priest.
The orc priest is moderately wounded.
The orc warrior closely misses you. The orc priest completely misses you.
You hit the orc priest.
The orc priest is heavily wounded.
You block the orc priest's attack. The orc warrior completely misses you.
You hit the orc priest but do no damage.
The orc priest is heavily wounded.
The orc priest calls down the wrath of Beogh upon you.
Beogh smites you!
* * * LOW HITPOINT WARNING * * *
The orc warrior hits you but does no damage.
You slash the orc priest!
You kill the orc priest!
Okawaru accepts your kill.
The orc warrior hits you from afar with a trident!
You die...

#........# #
#........# #
#........# #
#........##### #
#.............. ..
..######.#############
### #........# ##
#.######.####...#.
#.@[ooo....
#.##{oo...! #.#
#o..... #.# #.).#. #.#
#8##
#.#################
#.................. #.
########.####### #.# #


You could see an orc warrior, 2 orc wizards and 3 orcs.

Vanquished Creatures
  The ghost of 1player the Ruffian, a novice DrTm of Okawaru (D:6)
  A wyvern (D:8)
  4 orc warriors
  A sky beast (D:3)
  3 ice beasts (D:6)
  A phantom (D:4)
  2 ogres
  2 centaurs (D:7)
  A bullfrog (D:8)
  4 big kobolds (Sewer)
  A gnoll sergeant (D:7)
  5 scorpions
  5 wights (D:6)
  A bullfrog zombie (D:6)
  2 crimson imps
  5 hounds
  3 jellies
  A quasit (D:9)
  3 orc priests
  5 orc wizards
  2 bullfrog skeletons
  An iguana (D:7)
  11 worker ants
  A bullfrog simulacrum (D:6)
  A hound zombie (D:8)
  A hound skeleton (D:7)
  12 adders
  9 gnolls
  A river rat (Sewer)
  2 shadow imps
  2 white imps (D:6)
  4 oozes (Sewer)
  An adder skeleton (D:3)
  6 worms
  2 dart slugs
  7 leopard geckos
  16 orcs
  4 ball pythons
  8 giant cockroaches
  8 goblins
  9 hobgoblins
  14 jackals
  2 quokkas (D:6)
  8 bats
  7 frilled lizards
  A giant cockroach simulacrum (D:6)
  8 kobolds
  A quokka simulacrum (D:6)
  4 rats
204 creatures vanquished.

Vanquished Creatures (collateral kills)
  A centaur zombie (D:7)
  A gnoll (D:7)
  3 orcs
5 creatures vanquished.

Vanquished Creatures (others)
  A gnoll sergeant (D:8)
  An orc priest (D:9)
  A gnoll (D:7)
  A white imp (D:6)
4 creatures vanquished.

Grand Total: 213 creatures vanquished

Notes
Turn   | Place    | Note
-------+----------+-------------------------------------------
     0 | D:1      | Cykl0x the Gargoyle Fighter began the quest for the Orb.
     0 | D:1      | Reached XP level 1. HP: 14/14 MP: 1/1
   149 | D:1      | Reached XP level 2. HP: 19/19 MP: 2/2
   343 | D:1      | You fall through a shaft!
   359 | D:2      | Found a burning altar of Makhleb.
   408 | D:2      | Reached skill level 2 in Axes
   449 | D:2      | Reached XP level 3. HP: 16/24 MP: 3/3
  1135 | D:2      | Found a sacrificial altar of Ru.
  1189 | D:3      | Reached XP level 4. HP: 15/29 MP: 4/4
  1509 | D:3      | Noticed a sky beast
  1538 | D:3      | Killed a sky beast
  1538 | D:3      | Reached skill level 3 in Axes
  1538 | D:3      | Reached XP level 5. HP: 15/33 MP: 5/5
  1559 | D:3      | Found a sparkling altar of Nemelex Xobeh.
  1797 | D:3      | Found a snail-covered altar of Cheibriados.
  2222 | D:4      | Noticed an ogre
  2229 | D:4      | Killed an ogre
  2229 | D:4      | Reached XP level 6. HP: 23/38 MP: 6/6
  2250 | D:4      | Reached skill level 4 in Axes
  2336 | D:4      | Reached skill level 1 in Stealth
  2595 | D:4      | Noticed a phantom
  2611 | D:4      | Found a bloodstained altar of Trog.
  2646 | D:4      | Killed a phantom
  2646 | D:4      | Reached XP level 7. HP: 43/43 MP: 7/7
  2996 | D:5      | Entered Level 5 of the Dungeon
  3088 | D:5      | Found a glowing drain.
  3097 | Sewer    | Entered a sewer
  3179 | Sewer    | Reached skill level 5 in Axes
  3209 | Sewer    | Reached skill level 1 in Dodging
  3209 | Sewer    | Reached skill level 5 in Shields
  3391 | Sewer    | Reached XP level 8. HP: 47/48 MP: 8/8
  3428 | Sewer    | Reached skill level 5 in Fighting
  3661 | D:5      | Got an ichor-stained leather armour
  3672 | D:5      | Identified the cursed +1 leather armour "Anewne Latunn"
                  | {rElec Str-5 Stlth+} (You found it on level 5 of the
                  | Dungeon)
  3769 | D:5      | Reached skill level 6 in Axes
  3777 | D:5      | Found a runed door.
  3793 | D:5      | Found a runed door.
  4220 | D:6      | Found an iron altar of Okawaru.
  4221 | D:6      | Found a radiant altar of Vehumet.
  4231 | D:6      | Became a worshipper of Warmaster Okawaru
  4248 | D:6      | Found a runed gate.
  4248 | D:6      | Found a runed gate.
  4248 | D:6      | Found a runed gate.
  4332 | D:6      | Reached skill level 7 in Axes
  4332 | D:6      | Reached skill level 5 in Armour
  4359 | D:6      | Noticed 1player's ghost (novice DrTm)
  4398 | D:6      | Killed 1player's ghost
  4398 | D:6      | Reached * piety under Okawaru
  4398 | D:6      | Reached XP level 9. HP: 34/55 MP: 9/9
  4586 | D:6      | Found a staircase to the Ecumenical Temple.
  4742 | D:6      | Reached skill level 8 in Axes
  5005 | D:7      | Reached ** piety under Okawaru
  5161 | D:7      | Found a hide-covered altar of Uskayaw.
  5835 | D:8      | Reached XP level 10. HP: 60/61 MP: 10/10
  5894 | D:8      | Found Guguxzof's Assorted Antiques.
  5968 | D:8      | Found a glowing silver altar of Zin.
  6149 | D:9      | Reached skill level 9 in Axes
  6181 | D:9      | Found a deep blue altar of Sif Muna.
  6290 | D:9      | Reached *** piety under Okawaru
  6308 | D:9      | Mangled by an orc warrior

Skill      XL: |  1  2  3  4  5  6  7  8  9 10 |
---------------+-------------------------------+-----
Axes           | 2 3 4 5 7 8 9 |  9.2
Shields        | 4 5 6 7 |  7.5
Fighting       | 4 6 7 |  7.0
Armour         | 4 5 6 |  6.0
Stealth        | 1 2 |  2.5
Dodging        | 1 2 |  2.3
Throwing       | |  0.1
Evocations     | |  0.7

Action                   |  1- 3 |  4- 6 |  7- 9 | 10-12 || total
-------------------------+-------+-------+-------+-------++-------
Melee: War axe           |   136 |   150 |   511 |    64 ||   861
Throw: Stone             |       |       |     7 |       ||     7
Invok: Heroism           |       |       |       |     1 ||     1
Evoke: Wand              |       |       |     6 |     3 ||     9
  Use: Scroll            |     6 |     5 |     3 |     2 ||    16
       Potion            |       |       |       |     1 ||     1
 Stab: Distracted        |       |       |       |     1 ||     1
  Eat: Chunk             |     1 |     5 |    12 |     1 ||    19
Armor: Scale mail        |    58 |       |       |       ||    58
       Chain mail        |    30 |    92 |     2 |       ||   124
       Ice dragon scales |       |       |   276 |    32 ||   308
Dodge: Dodged            |    44 |    38 |   162 |    25 ||   269
Block: Shield            |    73 |    94 |   302 |    40 ||   509
